Map: Blackburn LE

Players

Erik

  • Race: Zerg Zerg
  • League: Master

Kelazhur - Winner!

  • Race: Terran Terran

Event: DreamHack SC2 Masters 2021 Summer

VOD

Have the link to the VOD?

Description

Time

  • Played on: May 21, 2021, 5:11 p.m.
  • Length: 12:06

All games in this series

Show
View Real Time Build Order
Export as new Build Order

Erik Zerg 

Build Orders: Hatch First 

Get SALT Encoding   

  12  0:00  Drone  
  13  0:08  Drone  
  14  0:14  Extractor  
  14  0:15  Drone  
  15  0:36  Hatchery  
  15  0:40  Extractor  
  13  0:43  Drone  
  13  0:48  Overlord  
  15  1:03  Spawning Pool  
  14  1:07  Drone  
  14  1:10  Drone  
  16  1:13  Drone  
  18  1:18  Drone  
  18  1:27  Extractor  
  18  1:29  Drone  
  18  1:39  Drone  
  19  1:50  Queen x2  
  19  1:51  Zergling x2  
  24  1:55  Drone  
  24  2:00  Drone  
  26  2:13  Hatchery  
  25  2:19  Overlord  
  25  2:22  Drone  
  25  2:32  Drone  
  25  2:33  Drone x2  
  28  2:37  Drone  
  28  2:39  Drone  
  28  2:42  Drone  
  31  2:44  Drone  
  32  2:53  Drone  
  32  2:56  Drone  
  34  3:00  Queen  
  34  3:05  Roach Warren  
  34  3:07  Drone  
  34  3:08  Drone  
  36  3:16  Overlord  
  36  3:25  Overlord  
  36  3:26  Queen  
  38  3:27  Overlord  
  38  3:29  Drone  
  39  3:39  Drone x5  
  44  3:47  Roach x3  
  50  3:51  Overlord  
  50  3:57  Roach  
  50  4:02  Queen  
  54  4:04  Overlord  
  54  4:08  Drone x3  
  54  4:09  Drone  
  58  4:18  Drone x5  
  58  4:24  Extractor x2, Drone x3  
  62  4:27  Drone x2  
  66  4:34  Spore Crawler, Drone x2  
  67  4:48  Evolution Chamber x2  
  67  4:49  Drone x6  
  71  4:53  Overlord  
  71  4:54  Drone x3  
  71  4:56  Extractor  
  71  4:58  Lair  
  73  5:06  Overlord x2  
  73  5:11  Roach x2  
  73  5:15  Roach x2  
  77  5:21  Roach x2  
  79  5:30  Roach x3  
  79  5:31  Roach  
  81  5:37  Roach x2  
  81  5:39  Evolution Chamber  
  83  5:49  Pneumatized Carapace  
  79  5:50  Overlord  
  79  5:51  Overlord  
  79  5:56  Glial Reconstitution  
  73  6:01  Zerg Missile Weapons Level 1  
  73  6:02  Zerg Ground Armor Level 1  
  73  6:14  Hatchery  
  73  6:17  Overseer  
  70  6:18  Queen  
  70  6:23  Roach, Extractor  
  70  6:24  Roach x2  
  77  6:31  Queen  
  79  6:33  Roach x2  
  79  6:36  Overlord x2  
  79  6:37  Overlord  
  83  6:40  Spore Crawler  
  83  6:45  Spore Crawler  
  81  6:54  Queen  
  83  7:03  Roach x4  
  83  7:04  Roach  
  83  7:07  Queen  
  97  7:08  Roach x2  
  99  7:18  Roach x2  
  103  7:27  Roach x2  
  99  7:34  Roach x3  
  99  7:35  Ravager  
  99  7:36  Ravager x3  
  109  7:40  Drone x3  
  112  7:47  Extractor  
  112  7:49  Extractor  
  110  7:52  Roach x2  
  110  7:57  Overlord x2  
  114  8:05  Overlord  
  91  8:09  Overlord  
  91  8:12  Roach x7  
  85  8:18  Drone  
  85  8:19  Queen x2  
  83  8:22  Drone x2  
  87  8:29  Zerg Missile Weapons Level 2  
  87  8:34  Overseer  
  87  8:37  Drone x3  
  90  8:42  Spore Crawler  
  89  8:50  Roach x7  
  102  9:02  Roach x5  
  112  9:13  Zerg Ground Armor Level 2  
  112  9:16  Overlord x2  
  101  9:25  Drone x5  
  99  9:31  Drone x3  
  99  9:35  Drone x2  
  104  9:39  Drone x2  
  104  9:44  Drone x2  
  104  9:45  Drone  
  97  9:58  Roach  
  97  9:59  Roach x4  
  107  10:11  Roach  
  107  10:12  Roach x4  
  115  10:25  Roach  
  115  10:26  Roach x5  
  127  10:28  Ravager  
  127  10:29  Ravager x2  
  121  10:36  Ravager x7  
  121  10:41  Roach  
  130  10:45  Overlord x4  
  128  11:02  Overlord  
  128  11:05  Roach x6  
  126  11:29  Roach x6  
  126  11:30  Roach x5  
  112  11:38  Roach  
  112  11:39  Roach x2  
Show
View Real Time Build Order
Export as new Build Order

Kelazhur Terran - Winner!

Build Orders: Hellion Opening, Reaper Expand 

Get SALT Encoding   

  12  0:00  SCV  
  13  0:12  SCV  
  14  0:17  Supply Depot  
  14  0:24  SCV  
  15  0:38  SCV  
  15  0:39  Barracks  
  16  0:43  Refinery  
  16  0:50  SCV  
  17  1:03  SCV  
  18  1:15  SCV  
  19  1:26  Reaper  
  19  1:27  Orbital Command  
  20  1:39  Command Center  
  20  1:49  Supply Depot  
  20  1:53  SCV  
  21  1:58  Marine  
  22  2:03  Factory  
  22  2:07  SCV  
  23  2:18  Refinery  
  23  2:20  Barracks Reactor, SCV  
  24  2:32  SCV  
  25  2:44  SCV  
  26  2:57  SCV  
  27  3:00  Orbital Command  
  27  3:02  Starport  
  27  3:08  Hellion x2  
  27  3:09  SCV  
  32  3:17  Barracks Tech Lab  
  32  3:21  SCV  
  32  3:26  SCV  
  34  3:29  Hellion x2  
  38  3:35  Supply Depot  
  38  3:38  Viking  
  38  3:39  Marauder  
  43  3:45  Concussive Shells  
  42  3:51  Hellion, Supply Depot  
  42  3:52  Hellion  
  46  3:57  SCV x2  
  46  4:00  Supply Depot  
  46  4:02  Marauder  
  50  4:09  SCV x2  
  52  4:10  Medivac  
  52  4:17  Armory  
  52  4:21  Hellion, SCV  
  52  4:23  Marauder  
  52  4:24  Hellion  
  59  4:26  SCV  
  60  4:36  SCV  
  61  4:42  Supply Depot  
  61  4:44  Hellion  
  61  4:45  Hellion  
  65  4:48  SCV  
  66  4:53  SCV  
  66  4:57  Command Center  
  67  5:05  Hellion, SCV  
  67  5:07  Hellion  
  72  5:08  SCV  
  73  5:17  Banshee, Cloaking Field, SCV  
  73  5:18  Barracks Tech Lab  
  73  5:20  SCV  
  74  5:31  SCV  
  74  5:39  Barracks, Marine  
  74  5:40  Barracks, Stimpack  
  74  5:42  SCV  
  76  5:44  SCV  
  69  5:54  SCV  
  62  5:57  Marauder  
  62  5:59  Engineering Bay, SCV  
  62  6:00  Engineering Bay, Refinery x2  
  62  6:02  Factory Tech Lab  
  62  6:03  Banshee  
  68  6:06  SCV  
  68  6:09  Orbital Command  
  68  6:11  SCV  
  70  6:18  SCV  
  71  6:21  Marine  
  71  6:23  Barracks  
  71  6:24  Barracks  
  72  6:30  SCV  
  73  6:32  Barracks Reactor  
  73  6:33  Siege Tank  
  73  6:35  SCV  
  73  6:39  Orbital Command  
  77  6:43  Marine x2  
  77  6:44  Marine  
  80  6:49  Terran Infantry Weapons Level 1, Terran Infantry Armor Level 1  
  80  6:50  SCV  
  80  6:51  SCV  
  80  6:52  Supply Depot  
  82  6:55  Starport Reactor  
  82  6:56  Supply Depot  
  82  7:03  SCV  
  82  7:05  Siege Tank, Marine x2  
  82  7:06  Marauder  
  90  7:08  SCV  
  90  7:12  Marine x2  
  90  7:13  Barracks Reactor x2  
  90  7:15  SCV x2  
  95  7:26  Marine x2  
  95  7:27  Marauder  
  95  7:29  SCV  
  98  7:33  Marine x2  
  98  7:35  SCV x2  
  98  7:37  Combat Shield  
  101  7:38  Supply Depot  
  101  7:41  Siege Tank, SCV  
  101  7:43  Marine x2  
  107  7:47  Medivac  
  109  7:51  Supply Depot  
  109  7:54  Marine x3, SCV x3  
  109  7:55  Marauder  
  117  8:04  Medivac, Marine x4  
  110  8:07  Marine  
  110  8:11  SCV  
  110  8:12  Marine  
  100  8:13  Barracks, SCV  
  100  8:14  Barracks  
  100  8:15  SCV  
  100  8:18  Marine  
  100  8:19  Marauder, Marine  
  105  8:25  Refinery  
  106  8:29  Marine x2  
  108  8:39  Command Center  
  108  8:41  Marauder  
  110  8:42  Marine x6  
  110  8:43  Medivac  
  110  8:45  Medivac  
  110  8:47  Marine x2  
  119  8:52  Terran Infantry Weapons Level 2, Terran Infantry Armor Level 2  
  119  9:00  Refinery, Marine x4  
  119  9:01  Supply Depot  
  119  9:02  SCV x3  
  126  9:06  Missile Turret  
  126  9:10  Marine x4  
  126  9:11  Marauder  
  133  9:17  Barracks Tech Lab, Marine, Supply Depot  
  133  9:19  Supply Depot  
  133  9:22  Marine  
  122  9:32  Marauder  
  122  9:33  SCV x3  
  122  9:36  Siege Tank, Marine  
  122  9:37  Marine x3  
  122  9:38  Marauder  
  131  9:39  Marauder  
  134  9:45  SCV x2  
  134  9:46  Marine, SCV  
  134  9:49  Medivac x2  
  137  9:54  Supply Depot  
  137  9:57  Planetary Fortress, SCV  
  137  9:58  SCV  
  137  9:59  SCV  
  140  10:04  Marauder  
  144  10:07  Marauder, Marine  
  144  10:09  SCV  
  144  10:10  SCV  
  144  10:11  SCV  
  148  10:19  Marauder, Marine  
  150  10:22  SCV x2  
  150  10:23  Siege Tank, Marine, SCV  
  150  10:24  Marine x2  
  150  10:25  Marauder  
  150  10:27  Marine  
  164  10:28  Marauder  
  164  10:31  Marine  
  165  10:39  Marine  
  165  10:40  Marine x2  
  165  10:41  Marauder, Marine x2  
  172  10:46  Marauder  
  172  10:48  Factory, Supply Depot  
  174  10:54  Marauder, Marine  
  176  10:59  Command Center  
  176  11:01  Siege Tank, Marine  
  176  11:02  Marauder  
  180  11:09  Supply Depot  
  180  11:10  Marauder, Marine x2  
  184  11:16  Marine  
  184  11:17  Marauder  
  186  11:23  Marauder  
  181  11:30  Marine  
  181  11:32  Marauder, Marine x4  
  170  11:33  Medivac, Marine x2  
  170  11:34  Marine  
  170  11:38  Marauder  
  176  11:45  Marauder  
  177  11:48  Marine  
Tags
 
Add a new tag
Caveats
  • Supply blocks, unpowered buildings, or Contaminate may cause inaccurate times.
  • Supply counts are checked every 10 seconds.